 Dungeon Crawl Stone Soup version bcrawl-1.12-8-g964540c432 (webtiles) character file.

Game seed: 13111658389816644810

60 MisterOstroum the Ruffian (level 3, -5/37 HPs)
             Began as a Troll Berserker on June 8, 2019.
             Was a Believer of Trog.
             Killed from afar by an orc wizard (10 damage)
             ... with a magic dart
             ... on level 2 of the Dungeon.
             The game lasted 00:02:32 (970 turns).

MisterOstroum the Ruffian (Troll Berserker)          Turns: 970, Time: 00:02:32

Health: -5/37      AC:  5    Str: 26    XL:     3   Next: 80%
Magic:  2/2        EV:  5    Int:  4    God:    Trog [**....]
Gold:   111        SH: 13    Dex:  9    Spells: 2/2 levels left

rFire    . . .     SeeInvis +     - Unarmed
rCold    . . .     Gourm    +   b - +0 large shield
rNeg     . . .     Faith    .   (armour unavailable)
rPois    .         Spirit   .   (helmet restricted)
rElec    .         Reflect  .   (no cloak)
rCorr    .         Harm     .   (gloves unavailable)
MR       .....                  (boots unavailable)
Stlth    +.........             (no amulet)
HPRegen  0.12/turn              c - ring of see invisible
MPRegen  0.08/turn              (no ring)

@: berserk cooldown, slowed, very slow
A: large, almost no armour, unfitting armour, claws 3, fast metabolism 3,
gourmand, AC +5
a: Berserk, Trog's Hand, Renounce Religion


You were on level 2 of the Dungeon.
You worshipped Trog.
Trog was pleased with you.
You were very full.

You visited 1 branch of the dungeon, and saw 2 of its levels.

You collected 111 gold pieces.

Inventory:

Missiles
 a - 257 stones (quivered)
Armour
 b - a +0 large shield (worn)
Jewellery
 c - a ring of see invisible (left claw)
Scrolls
 f - 5 scrolls of identify {unknown}
Potions
 d - a potion of degeneration {unknown}
 h - a potion of flight {unknown}
 i - a potion of heal wounds {unknown}
 j - a potion of curing {unknown}
Comestibles
 e - 3 rations {!d}
 g - a chunk of flesh


   Skills:
 + Level 3.0 Fighting
 - Level 2.4 Dodging
 + Level 1.0 Shields
 + Level 3.7 Unarmed Combat


You had 2 spell levels left.
You didn't know any spells.
Your spell library was empty.

Dungeon Overview and Level Annotations

Branches:
Dungeon (2/12)

Altars:


Innate Abilities, Weirdness & Mutations

You cannot wear most types of armour.
Your thick skin is tough. (AC +5)
You are too large for most types of armour.
You have claws for hands.
Your metabolism is lightning-fast.
You like to eat raw meat.


Message History

The orc priest is severely wounded.
You block the orc's attack. You block the orc wizard's attack.
The orc barely misses you.
The orc priest calls down the wrath of Beogh upon you.
Pain shoots through your body!
Your shield prevents you from hitting the orc priest.
The orc priest is severely wounded.
You block the kobold's attack.
The orc hits you with a +1 short sword of electrocution.
The orc hits you.
The orc wizard hits you but does no damage.
You closely miss the orc priest.
The orc priest is severely wounded.
You block the kobold's attack.
The orc priest calls down the wrath of Beogh upon you.
You barely resist. The orc hits you but does no damage.
You are electrocuted!!
The orc wizard casts a spell.
The orc wizard blinks!
The orc hits you.
You claw the orc priest!
You kill the orc priest!
Trog accepts your kill.
Your Fighting skill increases to level 3!
Your Shields skill increases to level 1!
You have reached level 3!
Your experience leads to an increase in your attributes!
Your base attributes are Str 24, Int 4, Dex 9.
Increase (S)trength, (I)ntelligence, or (D)exterity?
You feel stronger. x2; Your skin feels tougher.
You block the kobold's attack.
Your shield prevents you from hitting the orc.
The orc hits you with a +1 short sword of electrocution.
You block the kobold's attack. The orc hits you.
* * * LOW HITPOINT WARNING * * *
The orc wizard mumbles some strange words.
The orc wizard blinks!
You completely miss the kobold. You block the kobold's attack.
The orc hits you with a +1 short sword of electrocution.
* * * LOW HITPOINT WARNING * * *
The orc hits you but does no damage.
You claw the kobold!
You kill the kobold!
Trog accepts your kill. The orc hits you but does no damage.
You block the orc's attack.
The orc wizard mumbles some strange words.
The orc wizard blinks!
You scratch the orc.
The orc is severely wounded.
You claw the orc!
You kill the orc!
Trog accepts your kill. The orc hits you but does no damage.
Your shield prevents you from hitting the orc.
You are no longer berserk.
You pass out from exhaustion.
You feel yourself slow down.
The orc wizard casts a spell.
The orc wizard blinks!
The orc hits you but does no damage.
The orc wizard gestures wildly while chanting.
The orc wizard blinks!
The orc hits you but does no damage.
The orc wizard hits you but does no damage.
The orc hits you but does no damage.
You can move again.
Unknown command.
Your shield prevents you from hitting the orc wizard.
You block the orc wizard's attack. The orc hits you but does no damage.
The orc wizard hits you but does no damage.
The orc closely misses you.
You closely miss the orc wizard.
The orc wizard hits you but does no damage.
The orc completely misses you.
You barely miss the orc wizard. You block the orc wizard's attack.
You block the orc's attack.
The orc wizard hits you but does no damage.
The orc hits you.
* * * LOW HITPOINT WARNING * * *
You barely miss the orc wizard.
The orc wizard casts a spell.
The orc wizard blinks!
You block the orc's attack. The orc hits you but does no damage.
The orc wizard casts a spell.
The orc wizard blinks!
You block the orc's attack.
You scratch the orc but do no damage. You block the orc's attack.
You scratch the orc wizard but do no damage.
You block the orc wizard's attack.
You claw the orc wizard!
The orc wizard is almost dead.
The orc wizard mumbles some strange words.
The orc wizard blinks!
The orc hits you but does no damage.
You barely miss the orc.
The orc sings a few bars from the Orcish anthem.
The orc hits you but does no damage. The orc hits you.
* * * LOW HITPOINT WARNING * * *
You claw the orc!
You kill the orc!
Trog accepts your kill.
You can now call upon Trog for regeneration and magic resistance.
The orc wizard points at you and mumbles some strange words.
The magic dart hits you!
You die...

#.....#.###.# #.
#.....#.##### ##..
#.........# ...
#.....#.#.# ###..
#.....#.#.# ....##
####.......#.# #
...#
#........###.#
#.###o###..##.####
.# #..$...@......#
.# #.....#########
.# #.##)........
#...))...####
###....#o#
#.......#
.......###
........#
#.##.#...#


You could see an orc wizard.

Vanquished Creatures
  An orc priest (D:2)
  A dart slug (D:1)
  2 orcs (D:2)
  A giant cockroach (D:1)
  A goblin (D:1)
  5 hobgoblins
  A quokka (D:2)
  2 ball pythons (D:1)
  3 bats (D:1)
  2 frilled lizards (D:1)
  5 kobolds
  2 rats
26 creatures vanquished.

Notes
Turn   | Place    | Note
-------+----------+-------------------------------------------
     0 | D:1      | MisterOstroum the Troll Berserker began the quest for the
                  | Orb.
     0 | D:1      | Reached XP level 1. HP: 22/22 MP: 0/0
    81 | D:1      | Reached XP level 2. HP: 19/29 MP: 1/1
   950 | D:2      | Reached skill level 1 in Shields
   950 | D:2      | Reached XP level 3. HP: 19/37 MP: 2/2
   970 | D:2      | Reached ** piety under Trog
   970 | D:2      | Killed from afar by an orc wizard

Skill      XL: |  1  2 |
---------------+-------+-----
Fighting       | 3 |  3.0
Shields        | 1 |  1.0
Dodging        | |  2.4
Unarmed Combat | |  3.7

Action                   || total
-------------------------++-------
Melee: Unarmed           ||    67
Invok: Berserk           ||     1
 Stab: Sleeping          ||     1
  Eat: Chunk             ||    11
Armor: Skin              ||    35
Dodge: Dodged            ||    26
Block: Large shield      ||    24
